Map: 데스오라 - 래더

Players

Bunny - Winner!

  • Race: Terran Terran
  • Spawn Location: 11:00

goblin

  • Race: Protoss Protoss
  • League: Master
  • Spawn Location: 5:00

Event: StayAtHome Story Cup #3

VOD

Have the link to the VOD?

Description

Time

  • Played on: March 11, 2021, 8:31 a.m.
  • Length: 6:09

All games in this series

Show
View Real Time Build Order
Export as new Build Order

Bunny Terran - Winner!

Build Orders: 1/1/1 

Get SALT Encoding   

  12  0:00  SCV  
  13  0:12  SCV  
  14  0:17  Supply Depot  
  14  0:24  SCV  
  15  0:39  SCV  
  15  0:41  Barracks  
  16  0:43  Refinery  
  16  0:51  SCV  
  16  0:53  Refinery  
  17  1:03  SCV  
  18  1:15  SCV  
  19  1:28  Orbital Command, Reaper  
  19  1:29  Supply Depot  
  20  1:42  Factory  
  20  1:53  SCV  
  21  2:05  Barracks Reactor, SCV  
  22  2:17  SCV  
  22  2:20  Supply Depot  
  23  2:26  Starport, Widow Mine  
  26  2:30  SCV  
  26  2:41  Marine x2  
  26  2:42  SCV  
  29  2:47  Supply Depot  
  29  2:48  Widow Mine  
  31  2:55  SCV, Armory  
  32  2:59  Marine x2  
  32  3:03  Medivac  
  36  3:09  Widow Mine  
  38  3:16  Supply Depot  
  38  3:20  Marine x2  
  38  3:24  Supply Depot  
  40  3:31  Factory Tech Lab  
  40  3:37  Marine  
  40  3:38  Marine  
  42  3:51  Thor  
  48  3:57  Marine x2, Supply Depot  
  50  4:06  Supply Depot  
  50  4:08  Medivac  
  52  4:15  Marine x2  
  54  4:32  Marine x2  
  56  4:40  Thor  
  62  4:53  Marine  
  62  4:58  Medivac  
  62  4:59  Marine  
  62  5:19  Marine x2  
Show
View Real Time Build Order
Export as new Build Order

goblin Protoss 

Build Orders: Phoenix Opening 

Get SALT Encoding   

  12  0:00  Probe  
  13  0:12  Probe  
  14  0:17  Pylon  
  14  0:24  Probe (Chrono Boost)  
  15  0:36  Probe (Chrono Boost), Gateway  
  16  0:44  Probe (Chrono Boost)  
  16  0:46  Assimilator  
  17  0:50  Probe  
  17  0:55  Assimilator  
  18  1:03  Probe (Chrono Boost)  
  19  1:14  Probe (Chrono Boost)  
  20  1:19  Probe (Chrono Boost)  
  20  1:23  Cybernetics Core  
  21  1:29  Probe  
  22  1:35  Pylon  
  23  1:52  Nexus  
  22  2:00  Adept (Chrono Boost)  
  24  2:05  Stargate  
  24  2:10  Warp Gate  
  24  2:12  Probe  
  25  2:21  Stalker (Chrono Boost)  
  25  2:24  Probe  
  25  2:29  Pylon  
  28  2:36  Probe  
  29  2:48  Probe  
  29  2:49  Phoenix (Chrono Boost)  
  32  2:52  Stalker  
  34  3:00  Probe  
  34  3:04  Probe  
  36  3:11  Phoenix (Chrono Boost)  
  38  3:13  Probe  
  38  3:18  Probe (Chrono Boost)  
  41  3:27  Assimilator  
  41  3:30  Probe x2 (Chrono Boost), Shield Battery  
  41  3:33  Phoenix  
  44  3:36  Probe (Chrono Boost)  
  45  3:54  Probe  
  45  3:55  Probe  
  47  3:58  Phoenix (Chrono Boost)  
  49  4:04  Robotics Facility  
  49  4:06  Probe  
  49  4:07  Probe, Assimilator  
  51  4:15  Pylon  
  51  4:18  Probe  
  51  4:20  Phoenix (Chrono Boost)  
  54  4:25  Pylon  
  54  4:32  Nexus  
  54  4:36  Probe (Chrono Boost)  
  56  4:39  Probe (Chrono Boost)  
  57  4:46  Probe (Chrono Boost)  
  57  4:47  Phoenix  
  57  4:49  Probe (Chrono Boost)  
  57  4:50  Probe (Chrono Boost)  
  57  4:52  Observer  
  62  4:59  Probe  
  63  5:01  Robotics Bay  
  63  5:02  Probe  
  63  5:06  Zealot  
  66  5:12  Void Ray  
  67  5:26  Pylon  
  62  5:30  Shield Battery  
  62  5:31  Shield Battery, Immortal (Chrono Boost)  
  52  5:46  Sentry  
  52  5:47  Shield Battery  
  52  5:48  Shield Battery  
Tags
 
Add a new tag
Caveats
  • Supply blocks, unpowered buildings, or Contaminate may cause inaccurate times.
  • Supply counts are checked every 10 seconds.